 Dungeon Crawl Stone Soup version 0.31.0-11-ge490571c62 (webtiles) character file.

Game seed: 7515342821485523438

7617 sasquatch the Severer (level 10, -1/85 (93) HPs)
             Began as a Minotaur Hunter on Jan 27, 2024.
             Was a High Priest of Okawaru.
             Killed from afar by Josephine (26 damage)
             ... with a ghostly fireball
             ... on level 11 of the Dungeon.
             The game lasted 00:16:12 (8012 turns).

sasquatch the Severer (Minotaur Hunter)             Turns: 8012, Time: 00:16:12

HP:   -1/85 (93)    AC: 15    Str: 19    XL:     10   Next: 98%
MP:   7/9           EV: 13    Int:  6    God:    Okawaru [*****.]
Gold: 350           SH:  9    Dex: 17    Spells: 9/9 levels left

rFire   + . .        O - +4 war axe
rCold   + . .        I - +2 buckler "Dizoxoyro" {rPois}
rNeg    . . .        p - +0 scale mail
rPois   +            (helmet restricted)
rElec   .            A - +2 cloak {rCorr}
rCorr   +            J - +0 pair of gloves of the Mertaur {rF+}
SInv    +            Q - +2 pair of boots
Will    .....        l - amulet of regeneration
Stlth   +++          M - ring "Vuwig" {rC+ Str-2 Dex+4 SInv Stlth+}
HPRegen 1.14/turn    (no ring)
MPRegen 0.11/turn

%: no passive effects
@: heroic, slowed, drained, very slow
A: horns 2, retaliatory headbutt
a: Renounce Religion, Heroism, Finesse, Duel


You were on level 11 of the Dungeon.
You worshipped Okawaru.
Okawaru was extremely pleased with you.
You visited 2 branches of the dungeon, and saw 12 of its levels.
You also visited: Sewer.

You collected 717 gold pieces.
You spent 367 gold pieces at shops.

Inventory:

Hand Weapons
 a - a +0 orcbow
 b - a +3 battleaxe
 O - a +4 war axe (weapon)
Missiles
 i - 17 poisoned darts
 P - a curare-tipped dart (quivered)
 R - 3 throwing nets
Armour
 p - a +0 scale mail (worn)
 t - a +2 tower shield
 A - a +2 cloak of preservation (worn)
 E - a scarf of repulsion
 I - the +2 buckler "Dizoxoyro" (worn) {rPois}
   (You found it on level 7 of the Dungeon)

   rPois:     It protects you from poison
 J - the +0 pair of gloves of the Mertaur (worn) {rF+}
   (You bought it in a shop on level 7 of the Dungeon)

   rF+:       It protects you from fire.
 Q - a +2 pair of boots (worn)
Jewellery
 l - an amulet of regeneration (around neck)
 K - a ring of ice
 L - a ring of fire
 M - the ring "Vuwig" (left hand) {rC+ Str-2 Dex+4 SInv Stlth+}
   (You found it on level 8 of the Dungeon)

   [ring of protection from cold]

   Str-2:     It affects your strength (-2).
   Dex+4:     It affects your dexterity (+4).
   rC+:       It protects you from cold.
   SInv:      It lets you see invisible.
   Stlth+:    It makes you more stealthy.
Wands
 j - a wand of polymorph (6)
 u - a wand of paralysis (9)
 N - a wand of iceblast (13)
Scrolls
 f - 2 scrolls of poison
 h - 4 scrolls of teleportation
 k - 3 scrolls of enchant armour
 n - 2 scrolls of enchant weapon
 o - 2 scrolls of immolation
 q - a scroll of butterflies
 v - 2 scrolls of amnesia
 y - a scroll of vulnerability
 B - a scroll of torment {unknown}
 C - a scroll of noise {unknown}
 F - 2 scrolls of fear {unknown}
 G - a scroll of revelation
 H - a scroll of fog
 S - a scroll of blinking {unknown}
Potions
 c - 2 potions of curing
 d - 2 potions of heal wounds
 e - 2 potions of lignification
 g - a potion of brilliance
 m - a potion of might {unknown}
 r - a potion of resistance {unknown}
 s - 3 potions of mutation
 w - a potion of cancellation {unknown}
 x - 4 potions of invisibility
 z - 3 potions of enlightenment
 D - 2 potions of magic


   Skills:
 - Level 10.0(15.0) Fighting
 - Level 16.0(21.0) Axes
 - Level 4.3(9.3) Ranged Weapons
 - Level 2.1(7.1) Dodging
 - Level 0.7(5.7) Stealth
 + Level 6.8(11.8) Shields


You had 9 spell levels left.
You didn't know any spells.
Your spell library contained the following spells:

 Spells                   Type           Power      Damage    Failure   Level
 Foxfire                  Conj/Fire      0%         2x1d4     85%         1
 Blink                    Tloc           0%         N/A       94%         2
 Lesser Beckoning         Tloc           0%         N/A       94%         2
 Momentum Strike          Conj/Tloc      0%         3d8       94%         2
 Passage of Golubria      Tloc           0%         N/A       100%        4
 Yara's Violent Unravell  Hex/Alch       0%         3d3       100%        5
 Plasma Beam              Fire/Air       0%         2x1d10    100%        6
 Starburst                Conj/Fire      0%         6d3       100%        6
 Tukima's Dance           Hex            Unusable   N/A       N/A         3

Dungeon Overview and Level Annotations

Branches:
Dungeon (11/15)            Temple (1/1) D:5             Orc (0/2) D:9
  Sewer (visited)
   Lair: D:8-11

Altars:
Ashenzari
Cheibriados
Dithmenos
Elyvilon
Fedhas
Gozag
Hepliaklqana
Kikubaaqudgha
Makhleb
Nemelex Xobeh
Okawaru
Qazlal
Ru
Sif Muna
Trog
Uskayaw
Vehumet
Wu Jian
Xom
Yredelemnul
Zin
The Shining One

Shops:
D:7 [   D:8 *   D:9 *(   D:11 [

Annotations:
D:7 3 runed translucent doors, ragingrage's ghost, novice HuDe
D:9 3 runed translucent doors
D:11 Josephine


Innate Abilities, Weirdness & Mutations

You have a pair of horns on your head.
You reflexively headbutt those who attack you in melee.


Message History

The ghostly flame explodes!
The ghostly fireball engulfs you!!
You feel drained.
The ghostly fireball engulfs the wraith.
The wraith completely resists.
The ghostly fireball engulfs the wraith.
The wraith completely resists.
The ghostly fireball engulfs Josephine.
Josephine completely resists.
The ghostly fireball engulfs the wraith.
The wraith completely resists.
The wraith hits you.
You hear a bellow! x3; You hear a shout!
You are too injured to fight recklessly!
Unknown command.
You completely miss Josephine.
Josephine is almost dead.
You hit the wraith. You hit the wraith but do no damage. x2
You block the wraith's attack. Josephine completely misses you.
You furiously retaliate!
You headbutt Josephine, but do no damage.
The wraith hits you but does no damage. The wraith closely misses you.
You furiously retaliate!
You headbutt the wraith. You hit Josephine.
Josephine is almost dead.
You hit the wraith. You slash the wraith!
You destroy the wraith!
Okawaru accepts your kill.
You hit the wraith but do no damage. The wraith hits you.
The wraith drains your vigour!
You feel as though you will be slow longer.
You block the wraith's attack. Josephine hits you but does no damage.
You gain the combat prowess of a mighty hero.
The wraith hits you. You block Josephine's attack.
The wraith barely misses you. The wraith hits you.
* * * LOW HITPOINT WARNING * * *
The wraith drains your vigour!
You feel as though you will be slow longer.
The wraith barely misses you.
Josephine gestures at you while chanting.
The ghostly flame explodes!
The ghostly fireball engulfs you!!
You feel drained.
You die...

........#
........###
..........#
..........#
..........#
..........##
.......@W..#...
.......@.......
......W....∩...
...............
...............
....)..........
...............
...............
...............


You could see Josephine and 2 wraiths.

Vanquished Creatures
  2 two-headed ogres (D:9)
  Maurice (D:8)
  Maggie (D:8)
  A kobold demonologist (D:10)
  A hornet (D:9)
  3 yaks (D:10)
  A wyvern (D:9)
  A wraith (D:11)
  3 steam dragons
  Grum (D:9)
  Menkaure (D:6)
  An acid dragon (D:9)
  2 water moccasins
  2 orc warriors
  3 black bears
  4 ogres
  2 wolves (D:9)
  4 centaurs
  A phantom (D:6)
  3 bullfrogs
  2 kobold brigands
  2 gnoll sergeants
  3 scorpions
  10 wights
  6 killer bees
  6 howler monkeys
  5 bombardier beetles
  2 jellies
  6 hounds
  A sleepcap (D:7)
  An orc priest (D:3)
  Crazy Yiuf (D:6)
  A gnoll bouda (D:7)
  5 iguanas
  6 orc wizards
  7 adders
  20 gnolls
  3 river rats (Sewer)
  A white imp (D:7)
  4 ufetubi
  3 dart slugs
  4 ribbon worms
  36 orcs
  5 endoplasms
  9 giant cockroaches
  8 hobgoblins
  3 jackals (Sewer)
  3 quokkas
  10 ball pythons
  7 bats
  5 frilled lizards
  12 goblins
  19 kobolds
  10 rats
264 creatures vanquished.

Vanquished Creatures (others)
  A killer bee (D:9)
1 creature vanquished.

Grand Total: 265 creatures vanquished

Notes
Turn   | Place    | Note
-------+----------+-------------------------------------------
     0 | D:1      | sasquatch the Minotaur Hunter began the quest for the Orb.
     0 | D:1      | Reached XP level 1. HP: 18/18 MP: 0/0
   186 | D:1      | Found a faded altar of an unknown god.
   253 | D:1      | Reached XP level 2. HP: 27/27 MP: 1/1
   620 | D:2      | Reached XP level 3. HP: 25/34 MP: 2/2
   993 | D:2      | Found a stormy altar of Qazlal.
  1197 | D:2      | Reached skill level 1 in Axes
  1480 | D:3      | Found a snail-covered altar of Cheibriados.
  1555 | D:3      | Reached XP level 4. HP: 41/41 MP: 3/3
  1565 | D:3      | Identified the staff of an ossuary {rF+ rC+ Dex+3 Ice}
  1604 | D:3      | Reached skill level 2 in Axes
  1742 | D:3      | Reached skill level 5 in Fighting
  1747 | D:3      | Reached skill level 3 in Axes
  1979 | D:3      | Reached XP level 5. HP: 41/48 MP: 4/4
  2481 | D:4      | Noticed a black bear
  2523 | D:4      | Killed a black bear
  2524 | D:4      | Reached skill level 4 in Axes
  2524 | D:4      | Reached XP level 6. HP: 57/57 MP: 5/5
  2603 | D:4      | Reached skill level 5 in Axes
  3034 | D:4      | Reached skill level 6 in Axes
  3249 | D:5      | Entered Level 5 of the Dungeon
  3290 | D:5      | Found a staircase to the Ecumenical Temple.
  3294 | D:5      | Reached XP level 7. HP: 64/64 MP: 6/6
  3300 | Temple   | Entered the Ecumenical Temple
  3327 | Temple   | Became a worshipper of Warmaster Okawaru
  3578 | D:5      | Reached skill level 7 in Axes
  3706 | D:5      | Reached * piety under Okawaru
  3747 | D:5      | Reached skill level 8 in Axes
  3822 | D:5      | Reached XP level 8. HP: 59/73 MP: 7/7
  4102 | D:6      | Noticed Menkaure
  4105 | D:6      | Killed Menkaure
  4106 | D:6      | Reached skill level 9 in Axes
  4170 | D:6      | Reached ** piety under Okawaru
  4183 | D:6      | Found a glowing drain.
  4198 | Sewer    | Entered a sewer
  4282 | Sewer    | Found a white marble altar of Elyvilon.
  4364 | D:6      | Reached skill level 10 in Axes
  4449 | D:6      | Found a bloodstained altar of Trog.
  4537 | D:6      | Found an ancient bone altar of Kikubaaqudgha.
  4733 | D:6      | Found a broken altar of Ashenzari.
  4750 | D:6      | Found a runed translucent door.
  4751 | D:6      | Noticed Crazy Yiuf
  4901 | D:6      | Killed Crazy Yiuf
  4971 | D:7      | Reached XP level 9. HP: 83/83 MP: 8/8
  5007 | D:7      | Reached skill level 11 in Axes
  5132 | D:7      | Found a hide-covered altar of Uskayaw.
  5155 | D:7      | You fall into a shaft and drop 1 floor!
  5353 | D:7      | Found a runed translucent gate.
  5353 | D:7      | Found a runed translucent gate.
  5358 | D:7      | Found a runed translucent gate.
  5408 | D:7      | Identified the +2 buckler "Dizoxoyro" {rPois}
  5439 | D:7      | Reached *** piety under Okawaru
  5550 | D:7      | Reached skill level 12 in Axes
  5778 | D:7      | Found Esmoeh's Antique Armour Emporium.
  5784 | D:7      | Bought a runed scarf for 168 gold pieces
  5784 | D:7      | Bought a pair of bloodstained gloves for 199 gold pieces
  5784 | D:7      | Identified the +0 pair of gloves of the Mertaur {rF+} (You
                  | bought it in a shop on level 7 of the Dungeon)
  5802 | D:7      | Reached skill level 10 in Fighting
  6087 | D:7      | Noticed ragingrage's ghost (novice HuDe)
  6162 | D:8      | Noticed Maurice
  6171 | D:8      | Something stole a +0 orcbow
  6172 | D:8      | Something stole 75 gold
  6174 | D:8      | Something stole the +2 buckler "Dizoxoyro" {rPois}
  6178 | D:8      | Something stole a ring of ice
  6179 | D:8      | Killed Maurice
  6180 | D:8      | Reached skill level 13 in Axes
  6274 | D:8      | Found an opulent altar of Gozag.
  6274 | D:8      | Found Gozag's Platinum Reserve.
  6278 | D:8      | Identified the ring "Vuwig" {rC+ Str-2 Dex+4 SInv Stlth+}
  6306 | D:8      | Noticed Maggie
  6324 | D:8      | Killed Maggie
  6512 | D:8      | Found a white marble altar of Elyvilon.
  6530 | D:8      | Reached **** piety under Okawaru
  6531 | D:8      | Reached XP level 10. HP: 72/93 MP: 9/9
  6533 | D:8      | Reached skill level 14 in Axes
  6568 | D:8      | Reached skill level 1 in Shields
  6889 | D:9      | Found Tiamovva's Changing Room.
  6999 | D:9      | Found a staircase to the Orcish Mines.
  7010 | D:9      | Found Xymnir's Weapon Boutique.
  7128 | D:9      | Noticed a two-headed ogre
  7129 | D:9      | Noticed a two-headed ogre
  7141 | D:9      | Killed a two-headed ogre
  7142 | D:9      | Reached skill level 15 in Axes
  7142 | D:9      | Killed a two-headed ogre
  7142 | D:9      | Reached ***** piety under Okawaru
  7192 | D:9      | Found a runed translucent gate.
  7192 | D:9      | Found a runed translucent gate.
  7192 | D:9      | Found a runed translucent gate.
  7193 | D:9      | Noticed a green ugly thing
  7193 | D:9      | Noticed a red ugly thing
  7194 | D:9      | Noticed a cyan ugly thing
  7195 | D:9      | Noticed a cyan ugly thing
  7195 | D:9      | Noticed a green ugly thing
  7196 | D:9      | Noticed a green ugly thing
  7241 | D:9      | Noticed Grum
  7252 | D:9      | Killed Grum
  7322 | D:9      | Found a hazy altar of Hepliaklqana.
  7323 | D:9      | Found a shimmering altar of Xom.
  7361 | D:9      | Found a sacrificial altar of Ru.
  7493 | D:10     | Entered Level 10 of the Dungeon
  7529 | D:10     | Reached skill level 5 in Shields
  7881 | D:10     | Reached skill level 16 in Axes
  7958 | D:10     | Found a glowing golden altar of the Shining One.
  7958 | D:10     | Found a faded altar of an unknown god.
  7966 | D:10     | Found a faded altar of an unknown god.
  7968 | D:10     | Found a radiant altar of Vehumet.
  7970 | D:10     | Found a shimmering blue altar of Sif Muna.
  8002 | D:11     | Noticed Josephine
  8002 | D:11     | Found Lasodd Meqik's Antique Armour Shop.
  8012 | D:11     | Killed from afar by Josephine

Illustrated notes

Levels and vault maps discovered:
D:1:      heliophobic_arrival_ceremonial_halls, layout_rooms,
          shapermc_ecumenical_altar_gd, serial_park_tiny_1
D:2:      cheibrodos_greedy_goblins, layout_loops_cross, basic_altar,
          chequers_avenue, minmay_gold_behind_fungi
D:3:      layout_rooms, cheibriados_altar_1, minmay_fountain_box
D:4:      kb_forest_paths, layout_cave_pools
D:5:      layout_loops_ring, temple_green
D:6:      layout_rooms, kiku_gazebo_pond_becter, lemuel_tele_altar, bloody_trog,
          gup_sewer_entry_pipe, kennysheep_small_square,
          uniq_crazy_yiuf_cottage, uniq_menkaure
D:7:      minmay_inner_zag, layout_loops_ring,
          mainiacjoe_overflow_concentric_impassable, serial_shops,
          nicolae_shop_back_alley_shop, gammafunk_ghost_necromancy,
          amcnicky_mini_rare_corridor_liquid
D:8:      layout_basic, nicolae_gozag_zags_fifth_avenue,
          overflow_temple_1_default, uniq_maurice, uniq_maggie
D:9:      layout_rooms, regret_index_temple_of_mockery, amcnicky_altar_gilded,
          ploomutoo_gammafunk_ghost_potion_laboratory, serial_shops,
          kennysheep_little_box, nicolae_transmutations_shop,
          lemuel_flamethrower_2, uniq_grum
D:10:     layout_rooms, chequers_temple_overflow_minitemple
D:11:     layout_cross, lair_entry_dummy, trove_entry_hex_spiral, serial_shops,
          shop, nicolae_figureground_pulse, uniq_josephine
Temple:   jpeg_temple_island

Skill      XL: |  1  2  3  4  5  6  7  8  9 10 |
---------------+-------------------------------+-----
Fighting       | 3 4 5 6 7 9 10 | 10.0
Axes           | 1 3 4 6 8 10 13 16 | 16.0
Shields        | 6 |  6.8
Ranged Weapons | |  4.3
Dodging        | |  2.1
Stealth        | |  0.7

Action                     |  1- 3 |  4- 6 |  7- 9 | 10-12 || total
---------------------------+-------+-------+-------+-------++-------
  Melee: Battleaxe         |       |    48 |   226 |     2 ||   276
         Headbutt          |       |     1 |    46 |    31 ||    78
         Unarmed           |       |       |     1 |       ||     1
         War axe           |       |       |       |   141 ||   141
   Fire: Shortbow          |   160 |   145 |       |       ||   305
         Orcbow            |       |       |     5 |       ||     5
  Throw: Dart              |       |       |       |     1 ||     1
 Invoke: Heroism           |       |       |       |     2 ||     2
    Use: Potion            |       |     1 |       |       ||     1
         Scroll            |       |       |    14 |       ||    14
   Stab: Sleeping          |       |       |       |     2 ||     2
 Armour: Leather armour    |    40 |    59 |       |       ||    99
         Skin              |       |    23 |       |       ||    23
         Ring mail         |       |    42 |    90 |       ||   132
         Scale mail        |       |       |   100 |   103 ||   203
  Dodge: Dodged            |    34 |    90 |   152 |    54 ||   330
  Block: Buckler           |       |       |       |    62 ||    62
